 Dungeon Crawl Stone Soup version 0.30.1 (webtiles) character file.

Game seed: 1204637595998846808

16 Peloso the Covered (level 2, 27/27 HPs)
             Began as a Minotaur Fighter on July 12, 2023.
             Got out of the dungeon alive.
             The game lasted 00:01:31 (836 turns).

Peloso the Covered (Minotaur Fighter)                Turns: 836, Time: 00:01:31

Health: 27/27      AC: 10    Str: 20    XL:     2   Next: 37%
Magic:  1/1        EV:  7    Int:  5    God:
Gold:   75         SH:  4    Dex:  7    Spells: 1/1 levels left

rFire   . . .        a - +0 long sword
rCold   . . .        e - +0 buckler
rNeg    . . .        c - +0 chain mail
rPois   .            (helmet restricted)
rElec   .            (no cloak)
rCorr   .            k - +0 pair of gloves
SInv    +            (no boots)
Will    .....        (no amulet) Stlth
                     (no ring)
HPRegen 0.24/turn    (no ring)
MPRegen 0.07/turn

%: no passive effects
@: no status effects
A: horns 2, retaliatory headbutt, fangs 1, see invisible, clumsy 1
a: no special abilities


You escaped.
You visited 1 branch of the dungeon, and saw 2 of its levels.

You collected 75 gold pieces.

Inventory:

Hand Weapons
 a - a +0 long sword (weapon)
Armour
 b - a +0 scale mail
 c - a +0 chain mail (worn)
 e - a +0 buckler (worn)
 k - a +0 pair of gloves (worn)
Scrolls
 l - a scroll of blinking {unknown}
 m - 2 scrolls of identify {unknown}
 n - a scroll of noise {unknown}
Potions
 d - a potion of might
 j - a potion of haste {unknown}


   Skills:
 + Level 3.9 Fighting
 + Level 2.6 Long Blades
 + Level 4.0 Armour
 + Level 3.9 Shields


You had one spell level left.
You didn't know any spells.
Your spell library was empty.

Dungeon Overview and Level Annotations

Branches:
Dungeon (2/15)

Altars:


Innate Abilities, Weirdness & Mutations

You have a pair of horns on your head.
You reflexively headbutt those who attack you in melee.
You have very sharp teeth.
You have supernaturally acute eyesight. (SInv)
You are clumsy. (Dex -2)


Message History

There is an escape hatch in the floor here.
Done exploring.
Done exploring.
Done exploring.
Done exploring.
Done exploring.
(D) Dungeon
Where to? (? - help)
What level of the Dungeon? (default 1, ? - help)
There is a stone staircase leading down here.
You climb downwards.
Found a scroll labelled HEASUW OPHOLIU and a scroll labelled BIESIYZAGA.
There is a stone staircase leading up here.
Sorry, I don't know how to get there.
m - a scroll labelled HEASUW OPHOLIU
Found a scroll labelled HEASUW OPHOLIU.
n - a scroll labelled BIESIYZAGA
m - 2 scrolls labelled HEASUW OPHOLIU (gained 1)
As you read the scroll labelled XESMACVAITS, it crumbles to dust.
The air around you briefly surges with heat, but it dissipates.
It was a scroll of immolation.
As you read the scroll labelled RAX BEWUIPH, it crumbles to dust.
It is a scroll of amnesia.
You feel forgetful for a moment.
It was a potion of curing.
You feel better.
It was a potion of mutation.
You feel extremely strange.
You feel clumsy.
Your teeth lengthen and sharpen.
Your vision sharpens.
(D) Dungeon
Where to? (Enter - D:12, ? - help)
What level of the Dungeon? (default 1, ? - help)
There is a stone staircase leading up here.
You climb upwards.
There is a stone staircase leading down here.
Things that are here:
2 stones; a +0 club
There is a dry fountain, spattered with blood here.
You see here 2 stones.
There is a staircase leading out of the dungeon here.
Are you sure you want to leave the Dungeon?
This will make you lose the game!
You have escaped!

#........##
#######
##.......#
#.....
#......##
######
#......#
##.....#
#....##
##...#
#(.## #@##
###


There were no monsters in sight!

Vanquished Creatures
  4 ball pythons (D:1)
  An endoplasm (D:1)
  A giant cockroach (D:1)
  2 hobgoblins (D:1)
  3 kobolds (D:1)
  A bat (D:1)
  A frilled lizard (D:1)
  A rat (D:1)
14 creatures vanquished.

Notes
Turn   | Place    | Note
-------+----------+-------------------------------------------
     0 | D:1      | Peloso the Minotaur Fighter began the quest for the Orb.
     0 | D:1      | Reached XP level 1. HP: 19/19 MP: 0/0
   161 | D:1      | Reached XP level 2. HP: 27/27 MP: 1/1
   339 | D:1      | Reached skill level 4 in Armour
   673 | D:1      | Found a faded altar of an unknown god.
   787 | D:2      | Gained mutation: You are clumsy. (Dex -2) [potion of
                  | mutation]
   787 | D:2      | Gained mutation: You have very sharp teeth. [potion of
                  | mutation]
   787 | D:2      | Gained mutation: You have supernaturally acute eyesight.
                  | (SInv) [potion of mutation]
   836 | D:$      | Got out of the dungeon alive.

Illustrated notes

Levels and vault maps discovered:
D:1:      eino_arrival_cavern_a, layout_loops_ring,
          shapermc_ecumenical_altar_mp_vishouse
D:2:      layout_loops_cross, basic_altar

Skill      XL: |  1  2 |
---------------+-------+-----
Armour         | 4 |  4.0
Fighting       | |  3.9
Long Blades    | |  2.6
Shields        | |  3.9

Action                     || total
---------------------------++-------
  Melee: Long sword        ||    21
         Headbutt          ||     2
    Use: Scroll            ||     2
         Potion            ||     2
 Armour: Chain mail        ||    16
         Scale mail        ||     2
  Dodge: Dodged            ||     9
  Block: Buckler           ||     3
